[ AOE2 MATCH · #457525776 ]
UnrankedHindustanis vs Japanese
[ REPLAY ANALYSIS · EXTRACTED FROM THE RECORDED GAME ]
Feudal
9:20
Castle
22:48
Imperial
36:40
| APM avg | 29.6 |
| APM peak | 63 |
| eAPM avg | 10.4 |
| Villagers / military | 78 / 101 |
Focus
⚔️ 34.9% · 🌾 65.1%
Camel Scout ×80 · Scout Cavalry ×21
Feudal
10:57
Castle
20:43
Imperial
33:27
| APM avg | 37.4 |
| APM peak | 88 |
| eAPM avg | 17.5 |
| Villagers / military | 85 / 58 |
Focus
⚔️ 28.4% · 🌾 71.6%
Archer ×31 · Samurai ×9 · Spearman ×7 · Militia ×5 · Trebuchet (Packed) ×3 · Monk ×2
Feudal
11:02
Castle
15:56
Imperial
37:39
| APM avg | 22.8 |
| APM peak | 64 |
| eAPM avg | 16.8 |
| Villagers / military | 184 / 70 |
Focus
⚔️ 23.0% · 🌾 77.0%
Konnik ×52 · Militia ×13 · Spearman ×4 · Trebuchet (Packed) ×1
Feudal
11:08
Castle
17:55
Imperial
35:42
| APM avg | 37.1 |
| APM peak | 75 |
| eAPM avg | 18.6 |
| Villagers / military | 95 / 22 |
Focus
⚔️ 25.2% · 🌾 74.8%
Unknown (2579) ×20 · Unknown (2582) ×9 · Spearman ×7 · Archer ×5 · Mangonel ×5 · Scorpion ×5
Feudal
11:48
Castle
16:07
Imperial
—
| APM avg | 35.3 |
| APM peak | 75 |
| eAPM avg | 18.1 |
| Villagers / military | 103 / 32 |
Focus
⚔️ 40.1% · 🌾 59.9%
Mangudai ×28 · Mangonel ×3 · Monk ×1
Feudal
10:34
Castle
20:32
Imperial
38:07
| APM avg | 53.8 |
| APM peak | 87 |
| eAPM avg | 21.2 |
| Villagers / military | 117 / 113 |
Focus
⚔️ 46.6% · 🌾 53.4%
Skirmisher ×104 · Unknown (2550) ×54 · Spearman ×6 · Trebuchet (Packed) ×3
Feudal
—
Castle
—
Imperial
—
| APM avg | 26.0 |
| APM peak | 46 |
| eAPM avg | 17.1 |
| Villagers / military | 125 / 127 |
Focus
⚔️ 27.1% · 🌾 72.9%
Spearman ×73 · Organ Gun ×48 · Scout Cavalry ×4 · Monk ×1 · Trebuchet (Packed) ×1
Feudal
8:56
Castle
19:10
Imperial
34:10
| APM avg | 44.7 |
| APM peak | 112 |
| eAPM avg | 26.5 |
| Villagers / military | 138 / 158 |
Focus
⚔️ 35.1% · 🌾 64.9%
Battle Elephant ×136 · Scorpion ×6 · Scout Cavalry ×6 · Knight ×4 · Monk ×3 · Mangonel ×2
Match map
Initial resources + every placement click. Lines = walls · curves = elevation contours. ◆ gold · ⬟ stone · ● berries · ✦ relic · ◌ wall gap
Inputs per minute
— Taulipang - - Lockhart
Build order — Taulipang
First 150 of 289 actions detected
| 0:01 | Create | Villager (Male) |
| 0:01 | Create | Villager (Male) |
| 0:03 | Build | House |
| 0:05 | Build | House |
| 0:19 | Create | Villager (Male) |
| 0:19 | Create | Villager (Male) |
| 1:08 | Create | Villager (Male) |
| 1:40 | Create | Villager (Male) |
| 1:51 | Build | Lumber Camp |
| 2:12 | Create | Villager (Male) |
| 2:21 | Create | Villager (Male) |
| 3:12 | Create | Villager (Male) |
| 3:13 | Create | Villager (Male) |
| 3:16 | Build | House |
| 3:33 | Create | Villager (Male) |
| 3:56 | Create | Villager (Male) |
| 3:56 | Create | Villager (Male) |
| 4:29 | Create | Villager (Male) |
| 4:29 | Create | Villager (Male) |
| 4:46 | Build | House |
| 4:51 | Create | Villager (Male) |
| 5:33 | Build | House |
| 5:46 | Create | Villager (Male) |
| 5:52 | Build | Mill |
| 6:02 | Create | Villager (Male) |
| 6:14 | Build | Palisade Wall |
| 6:20 | Build | Building 800 |
| 6:45 | Research | Loom |
| 6:50 | Research | Feudal Age |
| 7:03 | Build | Lumber Camp |
| 7:39 | Build | House |
| 8:18 | Build | Barracks |
| 8:28 | Create | Villager (Male) |
| 9:20 | Age | Feudal Age |
| 9:22 | Build | Stable |
| 9:29 | Research | Double-Bit Axe |
| 9:34 | Research | Horse Collar |
| 9:37 | Create | Villager (Male) |
| 9:54 | Create | Villager (Male) |
| 10:00 | Build | House |
| 10:12 | Build | Blacksmith |
| 10:24 | Create | Scout Cavalry |
| 10:34 | Build | Farm |
| 10:40 | Build | Farm |
| 10:46 | Create | Villager (Male) |
| 11:10 | Build | Farm |
| 11:18 | Create | Scout Cavalry |
| 11:47 | Create | Villager (Male) |
| 11:50 | Build | Farm |
| 11:53 | Build | Farm |
| 12:08 | Create | Scout Cavalry |
| 12:16 | Build | Farm |
| 12:21 | Create | Villager (Male) |
| 12:47 | Create | Villager (Male) |
| 12:53 | Build | Farm |
| 12:58 | Create | Villager (Male) |
| 13:08 | Build | Mining Camp |
| 13:16 | Build | Farm |
| 13:21 | Create | Scout Cavalry |
| 13:23 | Create | Villager (Male) |
| 13:49 | Create | Scout Cavalry |
| 13:50 | Create | Villager (Male) |
| 13:53 | Build | Farm |
| 14:18 | Create | Scout Cavalry |
| 14:20 | Create | Villager (Male) |
| 14:23 | Build | Farm |
| 14:41 | Build | Farm |
| 14:44 | Create | Villager (Male) |
| 14:51 | Research | Gold Mining |
| 14:54 | Create | Villager (Male) |
| 14:56 | Build | House |
| 14:58 | Build | House |
| 14:59 | Build | House |
| 15:04 | Build | Farm |
| 15:15 | Create | Scout Cavalry |
| 15:33 | Research | Scale Barding Armor |
| 15:41 | Build | Stable |
| 15:58 | Create | Villager (Male) |
| 16:23 | Build | Farm |
| 16:26 | Build | Farm |
| 16:29 | Create | Villager (Male) |
| 16:31 | Build | Farm |
| 16:39 | Build | Farm |
| 16:40 | Build | Farm |
| 16:40 | Build | Farm |
| 16:46 | Create | Villager (Male) |
| 17:02 | Research | Forging |
| 17:04 | Research | Bloodlines |
| 17:12 | Create | Villager (Male) |
| 17:33 | Build | House |
| 17:34 | Build | House |
| 17:36 | Build | House |
| 17:36 | Build | House |
| 17:53 | Create | Villager (Male) |
| 17:56 | Research | Wheelbarrow |
| 17:56 | Research | Town Watch |
| 18:54 | Create | Scout Cavalry |
| 18:54 | Create | Scout Cavalry |
| 20:08 | Research | Castle Age |
| 20:48 | Create | Scout Cavalry |
| 20:49 | Create | Scout Cavalry |
| 21:34 | Build | Mining Camp |
| 21:39 | Build | Farm |
| 21:45 | Create | Scout Cavalry |
| 21:45 | Create | Scout Cavalry |
| 22:10 | Build | Mining Camp |
| 22:19 | Create | Scout Cavalry |
| 22:19 | Create | Scout Cavalry |
| 22:48 | Age | Castle Age |
| 23:01 | Research | Bow Saw |
| 23:18 | Build | Town Center |
| 23:47 | Create | Villager (Male) |
| 23:47 | Create | Villager (Male) |
| 23:59 | Build | Town Center |
| 24:07 | Build | Lumber Camp |
| 24:37 | Create | Villager (Male) |
| 24:37 | Create | Villager (Male) |
| 24:42 | Research | Husbandry |
| 24:43 | Research | Light Cavalry (upgrade) |
| 24:45 | Create | Scout Cavalry |
| 24:45 | Create | Scout Cavalry |
| 24:46 | Create | Camel Scout |
| 24:46 | Create | Camel Scout |
| 25:15 | Create | Villager (Male) |
| 25:16 | Create | Villager (Male) |
| 25:37 | Create | Villager (Male) |
| 25:49 | Create | Villager (Male) |
| 25:50 | Create | Villager (Male) |
| 25:53 | Research | Chain Barding Armor |
| 25:54 | Research | Iron Casting |
| 25:57 | Create | Camel Scout |
| 25:58 | Create | Camel Scout |
| 25:58 | Create | Scout Cavalry |
| 25:59 | Create | Scout Cavalry |
| 26:03 | Create | Villager (Male) |
| 26:04 | Create | Villager (Male) |
| 26:04 | Create | Villager (Male) |
| 26:38 | Create | Villager (Male) |
| 26:38 | Create | Villager (Male) |
| 26:44 | Build | Stable |
| 26:53 | Build | Farm |
| 26:58 | Research | Gold Shaft Mining |
| 27:02 | Research | Stone Mining |
| 27:04 | Create | Villager (Male) |
| 27:41 | Create | Villager (Male) |
| 27:42 | Create | Villager (Male) |
| 27:45 | Create | Camel Scout |
| 27:45 | Create | Camel Scout |
| 27:45 | Create | Camel Scout |
| 27:50 | Create | Villager (Male) |
Build order — Lockhart
First 150 of 261 actions detected
| 0:01 | Create | Villager (Male) |
| 0:03 | Build | House |
| 0:05 | Build | House |
| 0:06 | Create | Villager (Male) |
| 0:06 | Create | Villager (Male) |
| 0:07 | Create | Villager (Male) |
| 1:36 | Create | Villager (Male) |
| 2:18 | Create | Villager (Male) |
| 2:19 | Create | Villager (Male) |
| 2:21 | Build | Lumber Camp |
| 3:04 | Create | Villager (Male) |
| 3:46 | Create | Villager (Male) |
| 3:46 | Create | Villager (Male) |
| 3:54 | Create | Villager (Male) |
| 4:18 | Research | Loom |
| 4:18 | Create | Villager (Male) |
| 4:25 | Build | House |
| 4:33 | Create | Villager (Male) |
| 4:49 | Build | House |
| 4:52 | Create | Villager (Male) |
| 4:53 | Create | Villager (Male) |
| 5:24 | Build | Barracks |
| 5:37 | Build | Building 796 |
| 5:39 | Build | Palisade Wall |
| 6:32 | Create | Villager (Male) |
| 6:35 | Create | Villager (Male) |
| 6:38 | Create | Villager (Male) |
| 6:53 | Build | House |
| 7:05 | Build | Mill |
| 7:09 | Create | Villager (Male) |
| 7:14 | Create | Militia |
| 7:14 | Create | Militia |
| 7:14 | Create | Militia |
| 7:52 | Build | Palisade Wall |
| 7:56 | Create | Villager (Male) |
| 7:59 | Create | Villager (Male) |
| 8:22 | Create | Militia |
| 8:32 | Build | Palisade Wall |
| 8:47 | Research | Feudal Age |
| 8:57 | Create | Militia |
| 9:08 | Build | Palisade Wall |
| 9:12 | Create | Villager (Male) |
| 9:31 | Build | Mining Camp |
| 10:28 | Build | Lumber Camp |
| 10:32 | Build | House |
| 10:57 | Age | Feudal Age |
| 11:05 | Research | Double-Bit Axe |
| 11:07 | Create | Villager (Male) |
| 11:10 | Build | Archery Range |
| 11:18 | Build | Blacksmith |
| 11:24 | Research | Horse Collar |
| 11:25 | Create | Villager (Male) |
| 11:45 | Build | Farm |
| 11:46 | Build | Farm |
| 12:27 | Build | Farm |
| 12:29 | Build | Farm |
| 12:29 | Create | Archer |
| 12:30 | Create | Archer |
| 12:33 | Create | Villager (Male) |
| 12:52 | Create | Villager (Male) |
| 12:55 | Create | Spearman |
| 12:56 | Create | Spearman |
| 12:59 | Create | Spearman |
| 13:11 | Build | House |
| 13:21 | Create | Spearman |
| 13:27 | Build | Farm |
| 13:31 | Create | Villager (Male) |
| 13:44 | Create | Archer |
| 13:52 | Build | Farm |
| 13:58 | Create | Villager (Male) |
| 14:27 | Create | Villager (Male) |
| 14:27 | Create | Villager (Male) |
| 14:30 | Build | Farm |
| 14:32 | Build | Farm |
| 14:49 | Build | Farm |
| 14:54 | Create | Villager (Male) |
| 15:05 | Build | House |
| 15:13 | Create | Archer |
| 15:19 | Create | Villager (Male) |
| 15:22 | Build | House |
| 15:31 | Build | Farm |
| 15:39 | Build | Farm |
| 16:00 | Build | Watch Tower |
| 16:33 | Create | Villager (Male) |
| 16:38 | Build | Farm |
| 16:40 | Build | Farm |
| 16:43 | Build | Mining Camp |
| 16:49 | Build | Mining Camp |
| 16:56 | Create | Archer |
| 17:03 | Build | Watch Tower |
| 17:13 | Create | Villager (Male) |
| 17:19 | Research | Gold Mining |
| 17:21 | Create | Villager (Male) |
| 17:41 | Build | Archery Range |
| 17:47 | Create | Villager (Male) |
| 17:57 | Research | Castle Age |
| 18:20 | Research | Fletching |
| 18:36 | Build | House |
| 18:59 | Create | Villager (Male) |
| 19:05 | Build | Watch Tower |
| 19:31 | Create | Archer |
| 19:31 | Create | Archer |
| 19:31 | Create | Archer |
| 19:32 | Create | Archer |
| 19:32 | Create | Archer |
| 19:32 | Create | Archer |
| 20:16 | Create | Archer |
| 20:16 | Create | Archer |
| 20:36 | Create | Archer |
| 20:36 | Create | Archer |
| 20:43 | Age | Castle Age |
| 20:54 | Research | Bodkin Arrow |
| 21:01 | Create | Villager (Male) |
| 21:04 | Build | Town Center |
| 21:12 | Build | Monastery |
| 21:22 | Research | Crossbowman (upgrade) |
| 21:42 | Create | Archer |
| 21:42 | Create | Archer |
| 21:42 | Create | Archer |
| 21:51 | Research | Wheelbarrow |
| 22:05 | Create | Villager (Male) |
| 22:06 | Create | Monk |
| 22:12 | Create | Villager (Male) |
| 22:12 | Create | Villager (Male) |
| 22:21 | Build | Farm |
| 22:29 | Research | Bow Saw |
| 22:45 | Build | Siege Workshop |
| 22:49 | Create | Villager (Male) |
| 22:49 | Create | Villager (Male) |
| 23:03 | Build | House |
| 23:06 | Build | House |
| 23:17 | Create | Monk |
| 23:23 | Create | Archer |
| 23:23 | Create | Archer |
| 23:24 | Create | Archer |
| 23:57 | Build | House |
| 24:03 | Build | House |
| 24:08 | Create | Mangonel |
| 24:17 | Build | House |
| 24:37 | Build | House |
| 24:41 | Create | Villager (Male) |
| 24:41 | Create | Villager (Male) |
| 24:42 | Create | Villager (Male) |
| 24:46 | Build | Lumber Camp |
| 25:04 | Create | Villager (Male) |
| 25:05 | Create | Villager (Male) |
| 25:34 | Create | Villager (Male) |
| 25:36 | Create | Villager (Male) |
| 25:54 | Build | Castle |
| 26:00 | Create | Archer |
Build order — loshjarson
First 150 of 419 actions detected
| 0:02 | Create | Villager (Male) |
| 0:02 | Create | Villager (Male) |
| 0:02 | Create | Villager (Male) |
| 0:03 | Create | Villager (Male) |
| 0:03 | Create | Villager (Male) |
| 0:03 | Create | Villager (Male) |
| 0:03 | Create | Villager (Male) |
| 0:06 | Build | House |
| 0:10 | Build | House |
| 1:29 | Create | Villager (Male) |
| 1:56 | Build | Lumber Camp |
| 2:09 | Create | Villager (Male) |
| 2:09 | Create | Villager (Male) |
| 2:34 | Create | Villager (Male) |
| 2:34 | Create | Villager (Male) |
| 2:55 | Create | Villager (Male) |
| 3:42 | Create | Villager (Male) |
| 4:16 | Create | Villager (Male) |
| 4:17 | Create | Villager (Male) |
| 4:20 | Build | Mill |
| 4:38 | Build | House |
| 5:07 | Create | Villager (Male) |
| 5:07 | Create | Villager (Male) |
| 5:07 | Create | Villager (Male) |
| 5:38 | Create | Villager (Male) |
| 5:57 | Create | Villager (Male) |
| 6:31 | Build | House |
| 7:09 | Create | Villager (Male) |
| 7:09 | Create | Villager (Male) |
| 7:39 | Create | Villager (Male) |
| 7:39 | Create | Villager (Male) |
| 8:00 | Build | Mining Camp |
| 8:51 | Research | Feudal Age |
| 9:10 | Build | House |
| 9:33 | Build | Palisade Wall |
| 9:45 | Create | Villager (Male) |
| 9:45 | Create | Villager (Male) |
| 11:02 | Age | Feudal Age |
| 11:16 | Build | Farm |
| 11:30 | Research | Loom |
| 11:36 | Build | Farm |
| 11:55 | Build | Blacksmith |
| 12:00 | Build | Market |
| 12:14 | Build | Palisade Wall |
| 12:25 | Create | Villager (Male) |
| 12:26 | Create | Villager (Male) |
| 12:26 | Create | Villager (Male) |
| 12:26 | Create | Villager (Male) |
| 12:40 | Build | Mining Camp |
| 12:44 | Create | Villager (Male) |
| 13:00 | Build | Building 804 |
| 13:14 | Research | Double-Bit Axe |
| 13:16 | Research | Castle Age |
| 14:02 | Build | Farm |
| 14:03 | Build | Farm |
| 14:03 | Build | Farm |
| 14:11 | Build | Farm |
| 14:12 | Build | Farm |
| 14:23 | Build | Farm |
| 14:25 | Create | Villager (Male) |
| 14:25 | Create | Villager (Male) |
| 15:56 | Age | Castle Age |
| 15:57 | Create | Villager (Male) |
| 15:57 | Create | Villager (Male) |
| 16:27 | Build | Castle |
| 16:34 | Create | Villager (Male) |
| 17:09 | Research | Scale Barding Armor |
| 17:22 | Create | Villager (Male) |
| 17:38 | Build | House |
| 17:40 | Build | House |
| 17:58 | Create | Konnik |
| 18:14 | Build | Town Center |
| 18:20 | Create | Villager (Male) |
| 18:21 | Create | Villager (Male) |
| 18:23 | Research | Horse Collar |
| 18:44 | Build | Farm |
| 18:58 | Create | Konnik |
| 19:02 | Create | Villager (Male) |
| 19:23 | Create | Konnik |
| 19:33 | Create | Villager (Male) |
| 19:34 | Create | Villager (Male) |
| 19:38 | Build | Farm |
| 19:39 | Build | Farm |
| 19:39 | Build | Farm |
| 19:40 | Build | Farm |
| 19:40 | Build | Farm |
| 20:01 | Research | Forging |
| 20:21 | Create | Villager (Male) |
| 20:31 | Create | Villager (Male) |
| 20:37 | Build | Town Center |
| 20:41 | Create | Villager (Male) |
| 20:41 | Create | Villager (Male) |
| 20:59 | Create | Villager (Male) |
| 20:59 | Create | Villager (Male) |
| 21:10 | Create | Konnik |
| 21:18 | Build | Farm |
| 21:23 | Create | Villager (Male) |
| 21:23 | Create | Villager (Male) |
| 21:35 | Create | Villager (Male) |
| 21:35 | Create | Villager (Male) |
| 21:43 | Build | Farm |
| 21:43 | Build | Farm |
| 21:48 | Create | Villager (Male) |
| 21:49 | Create | Villager (Male) |
| 21:49 | Create | Villager (Male) |
| 22:03 | Create | Villager (Male) |
| 22:03 | Create | Villager (Male) |
| 22:07 | Build | Farm |
| 22:17 | Create | Villager (Male) |
| 22:25 | Create | Villager (Male) |
| 22:30 | Build | Farm |
| 22:34 | Build | Farm |
| 22:36 | Create | Villager (Male) |
| 22:50 | Create | Villager (Male) |
| 22:50 | Create | Villager (Male) |
| 23:12 | Research | Wheelbarrow |
| 23:15 | Create | Villager (Male) |
| 23:16 | Create | Villager (Male) |
| 23:35 | Build | Farm |
| 23:36 | Build | Farm |
| 23:37 | Build | Farm |
| 23:38 | Build | Farm |
| 23:41 | Create | Villager (Male) |
| 23:41 | Create | Villager (Male) |
| 23:58 | Build | Castle |
| 24:05 | Create | Konnik |
| 24:07 | Create | Villager (Male) |
| 24:07 | Create | Villager (Male) |
| 24:21 | Create | Villager (Male) |
| 24:31 | Create | Villager (Male) |
| 24:32 | Create | Villager (Male) |
| 24:32 | Create | Villager (Male) |
| 24:36 | Build | Farm |
| 24:48 | Research | Bow Saw |
| 24:50 | Create | Villager (Male) |
| 24:50 | Create | Villager (Male) |
| 25:04 | Create | Villager (Male) |
| 25:04 | Create | Villager (Male) |
| 25:04 | Create | Villager (Male) |
| 25:11 | Create | Villager (Male) |
| 25:17 | Build | Farm |
| 25:23 | Build | Farm |
| 25:31 | Build | Farm |
| 25:32 | Build | Farm |
| 25:33 | Build | Farm |
| 25:34 | Create | Villager (Male) |
| 25:35 | Create | Villager (Male) |
| 25:44 | Create | Villager (Male) |
| 25:44 | Create | Villager (Male) |
| 25:50 | Build | House |
Build order — DarkHorse
First 150 of 240 actions detected
| 0:00 | Create | Villager (Male) |
| 0:01 | Create | Villager (Male) |
| 0:01 | Create | Villager (Male) |
| 0:03 | Build | House |
| 0:04 | Build | House |
| 0:15 | Create | Villager (Male) |
| 1:12 | Create | Villager (Male) |
| 1:21 | Build | Settlement |
| 1:34 | Create | Villager (Male) |
| 2:47 | Create | Villager (Male) |
| 3:01 | Create | Villager (Male) |
| 3:36 | Create | Villager (Male) |
| 3:45 | Build | House |
| 3:47 | Build | House |
| 3:54 | Build | Building 796 |
| 4:01 | Research | Loom |
| 4:04 | Create | Villager (Male) |
| 4:32 | Create | Villager (Male) |
| 4:53 | Create | Villager (Male) |
| 5:03 | Build | Palisade Wall |
| 5:24 | Create | Villager (Male) |
| 5:53 | Create | Villager (Male) |
| 6:00 | Build | Settlement |
| 6:35 | Create | Villager (Male) |
| 7:10 | Create | Villager (Male) |
| 7:39 | Build | Barracks |
| 7:43 | Create | Villager (Male) |
| 8:08 | Create | Villager (Male) |
| 8:31 | Create | Villager (Male) |
| 8:48 | Build | Farm |
| 8:54 | Research | Feudal Age |
| 9:10 | Create | Unit 2550 |
| 9:52 | Create | Villager (Male) |
| 9:53 | Create | Villager (Male) |
| 11:08 | Age | Feudal Age |
| 11:22 | Create | Villager (Male) |
| 11:46 | Build | Archery Range |
| 11:54 | Build | Blacksmith |
| 12:01 | Create | Spearman |
| 12:03 | Create | Villager (Male) |
| 12:10 | Create | Villager (Male) |
| 12:21 | Create | Spearman |
| 13:01 | Build | Market |
| 13:09 | Create | Archer |
| 13:09 | Create | Archer |
| 13:11 | Create | Villager (Male) |
| 13:18 | Create | Villager (Male) |
| 14:19 | Create | Spearman |
| 14:20 | Create | Villager (Male) |
| 14:26 | Build | House |
| 14:29 | Build | House |
| 15:01 | Build | Watch Tower |
| 15:15 | Research | Castle Age |
| 15:19 | Research | Double-Bit Axe |
| 15:35 | Build | Farm |
| 15:36 | Build | Farm |
| 15:39 | Create | Villager (Male) |
| 15:48 | Create | Archer |
| 15:49 | Create | Archer |
| 15:55 | Build | Settlement |
| 16:17 | Research | Fletching |
| 16:24 | Create | Spearman |
| 16:37 | Build | Farm |
| 17:05 | Create | Archer |
| 17:18 | Research | Horse Collar |
| 17:21 | Create | Villager (Male) |
| 17:32 | Build | Farm |
| 17:55 | Age | Castle Age |
| 18:00 | Research | Pikeman (upgrade) |
| 18:29 | Create | Spearman |
| 18:48 | Build | Farm |
| 18:55 | Build | Settlement |
| 18:58 | Create | Villager (Male) |
| 19:09 | Create | Unit 2582 |
| 19:29 | Build | Town Center |
| 19:33 | Create | Villager (Male) |
| 19:33 | Create | Villager (Male) |
| 19:34 | Create | Villager (Male) |
| 19:51 | Research | Arson |
| 20:14 | Create | Villager (Male) |
| 20:22 | Build | Farm |
| 20:22 | Build | Farm |
| 20:22 | Build | Farm |
| 20:29 | Build | Farm |
| 20:46 | Create | Villager (Male) |
| 21:09 | Build | Farm |
| 21:12 | Create | Villager (Male) |
| 21:17 | Build | Farm |
| 21:36 | Research | Stone Mining |
| 21:54 | Research | Squires |
| 21:55 | Create | Unit 2582 |
| 22:11 | Build | Farm |
| 22:13 | Build | Farm |
| 22:20 | Create | Villager (Male) |
| 22:22 | Create | Villager (Male) |
| 22:52 | Build | Town Center |
| 23:20 | Research | Scale Mail Armor |
| 23:21 | Research | Forging |
| 23:44 | Create | Villager (Male) |
| 23:48 | Build | Farm |
| 23:49 | Build | Farm |
| 23:52 | Build | Farm |
| 23:55 | Build | Farm |
| 23:57 | Create | Villager (Male) |
| 23:59 | Create | Villager (Male) |
| 24:03 | Create | Villager (Male) |
| 24:30 | Build | Siege Workshop |
| 24:39 | Create | Villager (Male) |
| 24:40 | Create | Villager (Male) |
| 24:41 | Create | Villager (Male) |
| 24:41 | Create | Villager (Male) |
| 25:03 | Build | Farm |
| 25:36 | Build | Farm |
| 25:39 | Build | Farm |
| 25:41 | Build | Farm |
| 25:47 | Research | Wheelbarrow |
| 25:48 | Create | Villager (Male) ×3 |
| 25:48 | Create | Villager (Male) |
| 26:01 | Build | Castle |
| 26:05 | Create | Villager (Male) ×2 |
| 26:05 | Create | Villager (Male) |
| 26:31 | Research | Tech 1402 |
| 26:39 | Create | Scorpion |
| 26:39 | Create | Scorpion |
| 26:48 | Build | Stone Wall |
| 26:50 | Build | Stone Wall |
| 26:56 | Build | Stone Wall |
| 27:04 | Build | House |
| 27:10 | Build | Stone Wall |
| 27:41 | Build | Barracks |
| 28:05 | Create | Villager (Male) |
| 28:06 | Create | Villager (Male) |
| 28:11 | Create | Villager (Male) ×5 |
| 28:11 | Create | Villager (Male) ×5 |
| 28:11 | Create | Villager (Male) |
| 28:11 | Create | Villager (Male) |
| 28:19 | Research | Heavy Plow |
| 28:22 | Research | Gold Mining |
| 28:35 | Create | Unit 2582 ×5 |
| 28:36 | Create | Unit 2582 |
| 28:39 | Build | Farm |
| 28:47 | Build | Farm |
| 29:05 | Build | Farm |
| 29:09 | Build | Farm |
| 29:14 | Create | Villager (Male) |
| 29:15 | Create | Villager (Male) |
| 29:19 | Create | Villager (Male) |
| 29:20 | Create | Villager (Male) |
| 29:22 | Build | Farm |
| 29:22 | Build | Farm |
Build order — herlov.e
First 150 of 272 actions detected
| 0:01 | Create | Villager (Male) |
| 0:01 | Create | Villager (Male) |
| 0:02 | Build | House |
| 0:03 | Build | House |
| 0:19 | Create | Villager (Male) |
| 0:20 | Create | Villager (Male) |
| 0:20 | Create | Villager (Male) |
| 1:24 | Create | Villager (Male) |
| 1:59 | Build | Lumber Camp |
| 2:04 | Create | Villager (Male) |
| 2:15 | Create | Villager (Male) |
| 2:48 | Create | Villager (Male) |
| 3:13 | Create | Villager (Male) |
| 3:27 | Build | House |
| 3:46 | Create | Villager (Male) |
| 4:00 | Create | Villager (Male) |
| 4:28 | Create | Villager (Male) |
| 4:53 | Build | Mill |
| 4:59 | Create | Villager (Male) |
| 5:13 | Build | House |
| 5:26 | Build | Palisade Wall |
| 5:28 | Build | Palisade Gate |
| 5:33 | Create | Villager (Male) |
| 5:33 | Create | Villager (Male) |
| 5:33 | Create | Villager (Male) |
| 5:48 | Create | Villager (Male) |
| 6:29 | Create | Villager (Male) |
| 6:41 | Build | Palisade Wall |
| 6:46 | Build | Palisade Wall |
| 6:48 | Build | Palisade Wall |
| 6:53 | Build | Palisade Wall |
| 6:54 | Build | Palisade Wall |
| 6:58 | Create | Villager (Male) |
| 7:15 | Create | Villager (Male) |
| 7:34 | Create | Villager (Male) |
| 8:05 | Build | Mill |
| 8:22 | Build | Mining Camp |
| 8:43 | Research | Loom |
| 8:51 | Create | Villager (Male) |
| 8:51 | Research | Loom |
| 9:01 | Research | Feudal Age |
| 10:44 | Build | Palisade Wall |
| 10:47 | Build | Palisade Wall |
| 11:08 | Create | Villager (Male) |
| 11:23 | Build | Palisade Wall |
| 11:29 | Create | Villager (Male) |
| 11:32 | Create | Villager (Male) |
| 11:33 | Create | Villager (Male) |
| 11:34 | Create | Villager (Male) |
| 11:48 | Age | Feudal Age |
| 11:55 | Build | House |
| 12:06 | Build | Palisade Wall |
| 12:07 | Build | Palisade Wall |
| 12:15 | Build | Palisade Wall |
| 12:21 | Create | Villager (Male) |
| 12:21 | Build | Palisade Wall |
| 12:21 | Create | Villager (Male) |
| 12:28 | Create | Villager (Male) |
| 12:30 | Create | Villager (Male) |
| 12:30 | Create | Villager (Male) |
| 12:42 | Build | Market |
| 12:43 | Build | Blacksmith |
| 12:48 | Create | Villager (Male) |
| 12:50 | Build | House |
| 12:51 | Build | House |
| 12:53 | Build | House |
| 13:00 | Build | Palisade Wall |
| 13:01 | Build | Palisade Wall |
| 13:02 | Build | Palisade Wall |
| 13:10 | Create | Villager (Male) |
| 13:13 | Create | Villager (Male) |
| 13:25 | Research | Castle Age |
| 14:02 | Create | Villager (Male) |
| 14:09 | Build | House |
| 14:14 | Build | House |
| 14:17 | Build | House |
| 14:20 | Build | House |
| 14:32 | Build | House |
| 14:33 | Build | Palisade Wall |
| 14:37 | Build | Palisade Wall |
| 14:43 | Build | Palisade Wall |
| 14:44 | Build | Palisade Wall |
| 14:53 | Build | Palisade Wall |
| 15:05 | Create | Villager (Male) |
| 15:11 | Build | Mining Camp |
| 15:14 | Create | Villager (Male) |
| 15:18 | Build | House |
| 15:20 | Build | House |
| 15:50 | Build | House |
| 15:57 | Build | House |
| 15:59 | Build | House |
| 16:01 | Build | House |
| 16:05 | Build | Stone Wall |
| 16:07 | Age | Castle Age |
| 16:09 | Create | Villager (Male) |
| 16:17 | Build | Palisade Gate |
| 16:18 | Create | Villager (Male) |
| 16:28 | Create | Villager (Male) |
| 16:46 | Build | Stone Wall |
| 16:58 | Build | Stone Wall |
| 17:01 | Build | Stone Wall |
| 17:03 | Create | Villager (Male) |
| 17:11 | Create | Villager (Male) |
| 18:59 | Build | House |
| 19:08 | Build | Castle |
| 19:45 | Create | Villager (Male) |
| 19:50 | Create | Villager (Male) |
| 20:06 | Build | Lumber Camp |
| 20:55 | Create | Villager (Male) |
| 21:09 | Create | Mangudai |
| 21:10 | Create | Villager (Male) |
| 21:15 | Create | Villager (Male) |
| 21:29 | Build | Farm |
| 21:32 | Build | Farm |
| 21:53 | Build | Palisade Gate |
| 22:01 | Create | Mangudai |
| 22:08 | Build | Farm |
| 22:10 | Build | Farm |
| 22:22 | Create | Villager (Male) |
| 22:34 | Create | Villager (Male) |
| 22:47 | Create | Villager (Male) |
| 23:16 | Build | Town Center |
| 23:24 | Build | Palisade Wall |
| 23:32 | Create | Mangudai |
| 23:32 | Create | Villager (Male) |
| 23:59 | Build | Farm |
| 24:00 | Build | Farm |
| 24:08 | Build | Farm |
| 24:10 | Build | Farm |
| 24:26 | Create | Villager (Male) |
| 24:27 | Create | Mangudai |
| 24:37 | Build | Mill |
| 24:38 | Build | Farm |
| 24:54 | Create | Villager (Male) |
| 24:54 | Create | Villager (Male) |
| 25:03 | Create | Mangudai |
| 25:14 | Build | Farm |
| 25:21 | Build | Farm |
| 25:31 | Create | Villager (Male) |
| 25:33 | Create | Mangudai |
| 25:44 | Build | Farm |
| 25:45 | Build | Farm |
| 25:46 | Build | Farm |
| 25:47 | Build | Farm |
| 25:58 | Research | Fletching |
| 26:09 | Create | Villager (Male) |
| 26:14 | Build | Farm |
| 26:34 | Build | Siege Workshop |
| 26:49 | Research | Bodkin Arrow |
| 27:22 | Create | Villager (Male) |
Build order — Trooperone1
First 150 of 423 actions detected
| 0:00 | Create | Villager (Male) |
| 0:00 | Create | Villager (Male) |
| 0:02 | Build | House |
| 0:04 | Build | House |
| 0:12 | Create | Villager (Male) |
| 0:13 | Create | Villager (Male) |
| 1:23 | Create | Villager (Male) |
| 1:52 | Build | Settlement |
| 1:59 | Create | Villager (Male) |
| 2:17 | Create | Villager (Male) |
| 2:52 | Create | Villager (Male) |
| 3:02 | Create | Villager (Male) |
| 3:47 | Create | Villager (Male) |
| 3:57 | Build | House |
| 4:03 | Create | Villager (Male) |
| 4:29 | Create | Villager (Male) |
| 4:30 | Create | Villager (Male) |
| 4:48 | Create | Villager (Male) |
| 5:05 | Create | Villager (Male) |
| 5:22 | Create | Villager (Male) |
| 5:31 | Research | Loom |
| 5:41 | Create | Villager (Male) |
| 5:47 | Build | Barracks |
| 6:01 | Build | Palisade Wall |
| 6:05 | Build | Building 804 |
| 6:16 | Create | Villager (Male) |
| 7:09 | Create | Unit 2550 |
| 7:10 | Create | Unit 2550 |
| 7:17 | Build | Settlement |
| 7:32 | Create | Villager (Male) |
| 7:45 | Build | House |
| 8:24 | Research | Feudal Age |
| 8:25 | Create | Villager (Male) |
| 8:43 | Build | Settlement |
| 9:03 | Create | Villager (Male) |
| 9:10 | Create | Villager (Male) |
| 9:43 | Create | Villager (Male) |
| 10:17 | Create | Villager (Male) |
| 10:34 | Create | Villager (Male) |
| 10:34 | Age | Feudal Age |
| 10:41 | Create | Skirmisher |
| 10:41 | Create | Skirmisher |
| 10:41 | Create | Skirmisher |
| 10:43 | Create | Villager (Male) |
| 10:45 | Build | Blacksmith |
| 10:59 | Research | Tech 1402 |
| 11:30 | Create | Villager (Male) |
| 11:46 | Create | Skirmisher |
| 11:46 | Create | Skirmisher |
| 12:08 | Create | Skirmisher |
| 12:12 | Build | Farm |
| 12:42 | Build | Farm |
| 12:42 | Build | Farm |
| 12:46 | Build | Farm |
| 13:05 | Create | Villager (Male) |
| 13:17 | Build | Farm |
| 13:17 | Build | Farm |
| 13:18 | Build | Farm |
| 13:18 | Build | Farm |
| 13:32 | Create | Villager (Male) |
| 13:48 | Create | Villager (Male) |
| 14:06 | Create | Villager (Male) |
| 14:09 | Build | Farm |
| 14:11 | Research | Horse Collar |
| 14:25 | Create | Villager (Male) |
| 14:32 | Create | Villager (Male) |
| 14:39 | Research | Double-Bit Axe |
| 15:07 | Create | Villager (Male) |
| 15:12 | Build | Farm |
| 15:12 | Build | Farm |
| 15:15 | Create | Villager (Male) |
| 15:29 | Create | Villager (Male) |
| 15:32 | Build | Farm |
| 15:35 | Create | Villager (Male) |
| 15:44 | Create | Villager (Male) |
| 15:59 | Create | Villager (Male) |
| 16:01 | Build | House |
| 16:06 | Research | Wheelbarrow |
| 16:06 | Research | Town Watch |
| 16:23 | Create | Villager (Male) |
| 16:29 | Create | Villager (Male) |
| 16:31 | Build | Farm |
| 16:51 | Create | Villager (Male) |
| 17:00 | Build | Market |
| 17:12 | Create | Villager (Male) |
| 17:52 | Research | Castle Age |
| 18:07 | Research | Gold Mining |
| 18:08 | Create | Skirmisher |
| 18:09 | Create | Skirmisher |
| 18:09 | Create | Skirmisher |
| 18:09 | Create | Skirmisher |
| 18:21 | Create | Villager (Male) |
| 18:43 | Create | Villager (Male) |
| 18:48 | Build | Settlement |
| 19:01 | Create | Villager (Male) |
| 19:22 | Create | Skirmisher |
| 19:23 | Create | Skirmisher |
| 19:23 | Create | Skirmisher |
| 19:34 | Create | Villager (Male) |
| 19:46 | Create | Villager (Male) |
| 20:03 | Create | Villager (Male) |
| 20:20 | Research | Fletching |
| 20:28 | Create | Villager (Male) |
| 20:32 | Age | Castle Age |
| 20:38 | Research | Elite Skirmisher (upgrade) |
| 20:41 | Research | Bow Saw |
| 20:42 | Create | Villager (Male) |
| 20:49 | Research | Heavy Plow |
| 20:55 | Research | Gold Shaft Mining |
| 20:56 | Create | Villager (Male) |
| 20:59 | Research | Tech 1351 |
| 21:02 | Build | Barracks |
| 21:05 | Create | Villager (Male) |
| 21:05 | Create | Villager (Male) |
| 21:11 | Create | Unit 2550 |
| 21:12 | Create | Unit 2550 |
| 21:24 | Create | Villager (Male) |
| 21:31 | Build | Town Center |
| 21:37 | Create | Unit 2550 |
| 21:37 | Create | Unit 2550 |
| 21:40 | Create | Skirmisher |
| 21:50 | Research | Bodkin Arrow |
| 22:01 | Create | Villager (Male) |
| 22:14 | Create | Unit 2550 |
| 22:24 | Build | Farm |
| 22:25 | Build | Farm |
| 22:26 | Build | Farm |
| 22:34 | Create | Unit 2550 |
| 22:36 | Create | Skirmisher |
| 22:37 | Create | Skirmisher |
| 22:40 | Build | House |
| 22:41 | Build | House |
| 22:42 | Build | House |
| 22:43 | Build | House |
| 22:43 | Build | House |
| 23:19 | Create | Villager (Male) |
| 23:22 | Create | Villager (Male) |
| 23:24 | Build | Farm |
| 23:25 | Build | Farm |
| 23:29 | Build | Farm |
| 23:44 | Create | Unit 2550 |
| 23:44 | Create | Unit 2550 |
| 23:45 | Create | Villager (Male) |
| 23:48 | Build | House |
| 23:51 | Build | House |
| 23:55 | Build | Farm |
| 23:58 | Build | Farm |
| 24:00 | Create | Villager (Male) |
| 24:00 | Create | Villager (Male) |
| 24:06 | Create | Villager (Male) |
Build order — Dubz1197
First 150 of 334 actions detected
| 0:00 | Create | Villager (Male) |
| 0:01 | Create | Villager (Male) |
| 0:01 | Create | Villager (Male) |
| 0:02 | Build | House |
| 0:06 | Build | House |
| 0:09 | Build | House |
| 0:13 | Create | Villager (Male) |
| 1:29 | Create | Villager (Male) |
| 1:29 | Create | Villager (Male) |
| 1:30 | Create | Villager (Male) |
| 2:02 | Create | Villager (Male) |
| 2:02 | Create | Villager (Male) |
| 2:03 | Create | Villager (Male) |
| 2:15 | Build | Lumber Camp |
| 2:27 | Create | Villager (Male) |
| 2:27 | Create | Villager (Male) |
| 2:53 | Create | Villager (Male) |
| 3:16 | Create | Villager (Male) |
| 3:27 | Build | House |
| 3:35 | Create | Villager (Male) |
| 3:35 | Create | Villager (Male) |
| 4:11 | Create | Villager (Male) |
| 4:11 | Create | Villager (Male) |
| 4:53 | Create | Villager (Male) |
| 4:54 | Create | Villager (Male) |
| 4:54 | Create | Villager (Male) |
| 5:08 | Build | Mill |
| 6:13 | Research | Loom |
| 6:14 | Research | Loom |
| 6:38 | Research | Feudal Age |
| 6:38 | Research | Feudal Age |
| 7:02 | Build | House |
| 7:39 | Build | Barracks |
| 8:22 | Build | Palisade Wall |
| 8:23 | Build | Palisade Gate |
| 8:53 | Build | Stable |
| 9:02 | Create | Villager (Male) |
| 9:02 | Create | Villager (Male) |
| 9:03 | Create | Villager (Male) |
| 9:12 | Research | Double-Bit Axe |
| 9:13 | Research | Double-Bit Axe |
| 9:13 | Research | Double-Bit Axe |
| 9:37 | Create | Scout Cavalry |
| 9:37 | Create | Scout Cavalry |
| 9:44 | Research | Horse Collar |
| 9:55 | Create | Scout Cavalry |
| 10:08 | Build | Farm |
| 10:26 | Create | Villager (Male) |
| 10:32 | Build | Farm |
| 10:36 | Build | House |
| 10:50 | Create | Scout Cavalry |
| 10:53 | Research | Town Watch |
| 11:11 | Create | Villager (Male) |
| 11:30 | Create | Villager (Male) |
| 11:45 | Create | Villager (Male) |
| 11:48 | Build | Farm |
| 12:10 | Build | Farm |
| 12:22 | Build | Farm |
| 12:23 | Build | Farm |
| 12:33 | Create | Villager (Male) |
| 12:34 | Build | Farm |
| 12:36 | Build | House |
| 12:37 | Build | House |
| 12:42 | Build | Farm |
| 12:45 | Build | Farm |
| 12:46 | Build | Farm |
| 12:55 | Build | Farm |
| 12:56 | Build | Farm |
| 12:58 | Research | Wheelbarrow |
| 12:58 | Research | Wheelbarrow |
| 13:17 | Build | Mining Camp |
| 13:26 | Create | Villager (Male) |
| 13:27 | Create | Villager (Male) |
| 14:09 | Build | House |
| 14:10 | Build | House |
| 14:33 | Build | Farm |
| 14:36 | Build | Farm |
| 14:40 | Create | Villager (Male) |
| 14:40 | Create | Villager (Male) |
| 14:52 | Build | Blacksmith |
| 15:31 | Create | Villager (Male) |
| 15:49 | Create | Villager (Male) |
| 16:39 | Research | Castle Age |
| 16:53 | Research | Gold Mining |
| 16:54 | Research | Gold Mining |
| 17:15 | Build | Lumber Camp |
| 17:26 | Create | Villager (Male) |
| 18:02 | Build | Mining Camp |
| 18:43 | Create | Spearman |
| 18:44 | Create | Spearman |
| 18:44 | Create | Spearman |
| 18:45 | Build | House |
| 18:46 | Build | House |
| 18:55 | Build | House |
| 19:01 | Create | Spearman |
| 19:22 | Create | Spearman |
| 19:34 | Build | Town Center |
| 19:39 | Build | Town Center |
| 19:47 | Create | Spearman |
| 19:56 | Research | Hand Cart |
| 19:56 | Research | Hand Cart |
| 20:12 | Create | Villager (Male) |
| 20:12 | Create | Villager (Male) |
| 20:12 | Create | Villager (Male) |
| 20:38 | Create | Villager (Male) |
| 20:38 | Create | Villager (Male) |
| 20:45 | Build | Building 487 |
| 21:03 | Create | Villager (Male) |
| 21:04 | Create | Villager (Male) |
| 21:50 | Build | Farm |
| 21:55 | Build | Farm |
| 21:56 | Build | Farm |
| 22:07 | Create | Villager (Male) |
| 22:12 | Build | House |
| 22:13 | Build | House |
| 22:30 | Create | Villager (Male) |
| 22:41 | Create | Villager (Male) |
| 22:58 | Build | House |
| 23:00 | Create | Villager (Male) |
| 23:01 | Create | Villager (Male) |
| 23:08 | Build | Town Center |
| 23:20 | Create | Villager (Male) |
| 23:42 | Create | Villager (Male) |
| 23:43 | Create | Villager (Male) |
| 23:43 | Create | Villager (Male) |
| 24:06 | Research | Heavy Plow |
| 24:06 | Research | Heavy Plow |
| 24:12 | Create | Villager (Male) |
| 24:26 | Create | Villager (Male) |
| 24:30 | Build | Farm |
| 24:31 | Build | Farm |
| 24:35 | Build | Farm |
| 24:39 | Create | Villager (Male) |
| 24:40 | Create | Villager (Male) |
| 24:40 | Create | Villager (Male) |
| 24:54 | Create | Villager (Male) |
| 24:54 | Create | Villager (Male) |
| 24:55 | Create | Villager (Male) |
| 25:07 | Build | Stone Wall |
| 25:20 | Create | Villager (Male) |
| 25:20 | Create | Villager (Male) |
| 25:20 | Create | Villager (Male) |
| 25:25 | Build | Farm |
| 25:26 | Build | Farm |
| 25:27 | Build | Farm |
| 25:27 | Build | Farm |
| 25:49 | Create | Villager (Male) |
| 25:49 | Create | Villager (Male) |
| 25:50 | Create | Villager (Male) |
| 25:55 | Research | Stone Mining |
Build order — Fingon
First 150 of 552 actions detected
| 0:01 | Create | Villager (Male) |
| 0:01 | Create | Villager (Male) |
| 0:01 | Create | Villager (Male) |
| 0:02 | Create | Villager (Male) |
| 0:02 | Create | Villager (Male) |
| 0:03 | Build | House |
| 0:05 | Build | House |
| 1:38 | Create | Villager (Male) |
| 1:52 | Build | Lumber Camp |
| 2:11 | Create | Villager (Male) |
| 2:19 | Build | House |
| 2:27 | Create | Villager (Male) |
| 2:40 | Create | Villager (Male) |
| 3:14 | Create | Villager (Male) |
| 3:33 | Create | Villager (Male) |
| 3:33 | Create | Villager (Male) |
| 3:53 | Create | Villager (Male) |
| 3:53 | Create | Villager (Male) |
| 4:13 | Create | Villager (Male) |
| 4:14 | Create | Villager (Male) |
| 4:33 | Create | Villager (Male) |
| 5:02 | Create | Villager (Male) |
| 5:17 | Create | Villager (Male) |
| 5:40 | Build | Mill |
| 6:43 | Research | Feudal Age |
| 7:05 | Research | Loom |
| 7:08 | Build | House |
| 7:10 | Build | House |
| 8:56 | Age | Feudal Age |
| 9:00 | Build | Stable |
| 9:10 | Create | Villager (Male) |
| 9:12 | Build | House |
| 9:13 | Build | House |
| 9:14 | Research | Double-Bit Axe |
| 9:15 | Create | Villager (Male) |
| 9:43 | Create | Scout Cavalry |
| 9:44 | Create | Scout Cavalry |
| 10:09 | Create | Villager (Male) |
| 10:13 | Research | Horse Collar |
| 10:13 | Research | Horse Collar |
| 10:23 | Build | Palisade Gate |
| 10:25 | Build | Palisade Wall |
| 10:29 | Create | Scout Cavalry |
| 10:30 | Create | Villager (Male) |
| 10:41 | Build | Farm |
| 10:49 | Create | Scout Cavalry |
| 11:18 | Create | Scout Cavalry |
| 11:22 | Build | Farm |
| 11:23 | Build | Farm |
| 11:23 | Build | Farm |
| 11:23 | Build | Farm |
| 11:23 | Build | Farm |
| 11:26 | Build | Farm |
| 11:26 | Build | Farm |
| 11:27 | Build | Farm |
| 11:27 | Build | Farm |
| 11:27 | Build | Farm |
| 11:31 | Build | House |
| 11:33 | Create | Villager (Male) |
| 11:34 | Create | Villager (Male) |
| 11:46 | Build | Farm |
| 11:54 | Build | House |
| 11:57 | Create | Villager (Male) |
| 12:14 | Create | Villager (Male) |
| 12:39 | Create | Villager (Male) |
| 12:41 | Build | Farm |
| 12:43 | Build | Farm |
| 13:05 | Build | Farm |
| 13:05 | Build | Farm |
| 13:05 | Build | Farm |
| 13:05 | Build | Farm |
| 13:06 | Build | Farm |
| 13:06 | Build | Farm |
| 13:06 | Build | Farm |
| 13:13 | Create | Villager (Male) |
| 13:35 | Build | Farm |
| 13:41 | Create | Villager (Male) |
| 14:04 | Build | Mining Camp |
| 14:41 | Create | Villager (Male) |
| 14:47 | Create | Villager (Male) |
| 15:18 | Create | Villager (Male) |
| 15:20 | Build | Market |
| 16:05 | Create | Villager (Male) |
| 16:30 | Research | Castle Age |
| 17:04 | Create | Villager (Male) |
| 17:08 | Research | Gold Mining |
| 18:00 | Create | Villager (Male) |
| 18:18 | Build | Mining Camp |
| 19:10 | Age | Castle Age |
| 19:12 | Build | Siege Workshop |
| 19:15 | Create | Knight |
| 19:15 | Create | Knight |
| 19:16 | Create | Villager (Male) |
| 19:33 | Research | Bow Saw |
| 19:37 | Create | Villager (Male) |
| 19:45 | Create | Villager (Male) |
| 19:50 | Create | Knight |
| 20:00 | Create | Scorpion |
| 20:03 | Build | Siege Workshop |
| 20:06 | Create | Scorpion |
| 20:07 | Create | Villager (Male) |
| 20:24 | Create | Villager (Male) |
| 20:33 | Create | Knight |
| 20:38 | Create | Villager (Male) |
| 20:45 | Create | Scorpion |
| 20:45 | Create | Scorpion |
| 20:58 | Build | House |
| 20:59 | Build | House |
| 21:00 | Create | Villager (Male) |
| 21:34 | Build | Town Center |
| 21:35 | Create | Villager (Male) |
| 21:50 | Create | Villager (Male) |
| 21:52 | Research | Wheelbarrow |
| 21:57 | Create | Scorpion |
| 21:58 | Create | Scorpion |
| 22:08 | Create | Villager (Male) |
| 22:12 | Build | Monastery |
| 22:18 | Create | Villager (Male) |
| 22:24 | Create | Villager (Male) |
| 22:32 | Build | Lumber Camp |
| 23:00 | Create | Villager (Male) |
| 23:18 | Create | Monk |
| 23:18 | Create | Monk |
| 23:26 | Create | Mangonel |
| 23:26 | Create | Mangonel |
| 23:29 | Create | Villager (Male) |
| 23:40 | Build | Town Center |
| 23:41 | Create | Villager (Male) |
| 23:50 | Create | Villager (Male) |
| 23:57 | Create | Monk |
| 24:19 | Create | Villager (Male) |
| 24:26 | Create | Villager (Male) |
| 24:28 | Create | Villager (Male) |
| 24:32 | Create | Villager (Male) |
| 24:33 | Build | Farm |
| 24:33 | Build | Farm |
| 24:33 | Build | Farm |
| 24:34 | Build | Farm |
| 24:34 | Build | Farm |
| 24:34 | Build | Farm |
| 24:34 | Build | Farm |
| 24:35 | Build | Farm |
| 24:36 | Create | Villager (Male) |
| 24:41 | Create | Villager (Male) |
| 24:58 | Build | Farm |
| 24:59 | Create | Villager (Male) |
| 25:03 | Create | Villager (Male) |
| 25:06 | Create | Villager (Male) |
| 25:07 | Create | Villager (Male) |
| 25:08 | Create | Villager (Male) |
Match timeline
| 5:03 | DarkHorse · wall_segment Palisade Wall x5 |
| 5:24 | Lockhart · first_building Barracks |
| 5:26 | herlov.e · wall_segment Palisade Wall x8 |
| 5:39 | Lockhart · wall_segment Palisade Wall x5 |
| 5:47 | Trooperone1 · first_building Barracks |
| 6:01 | Trooperone1 · wall_segment Palisade Wall x7 |
| 6:14 | Taulipang · wall_segment Palisade Wall x8 |
| 6:41 | herlov.e · wall_segment Palisade Wall x1 |
| 6:46 | herlov.e · wall_segment Palisade Wall x1 |
| 6:48 | herlov.e · wall_segment Palisade Wall x1 |
| 6:53 | herlov.e · wall_segment Palisade Wall x1 |
| 6:54 | herlov.e · wall_segment Palisade Wall x1 |
| 7:39 | Dubz1197 · first_building Barracks |
| 7:39 | DarkHorse · first_building Barracks |
| 7:52 | Lockhart · wall_segment Palisade Wall x3 |
| 8:18 | Taulipang · first_building Barracks |
| 8:22 | Dubz1197 · wall_segment Palisade Wall x8 |
| 8:32 | Lockhart · wall_segment Palisade Wall x4 |
| 8:53 | Dubz1197 · first_building Stable |
| 8:56 | Fingon · age_up feudal |
| 9:00 | Fingon · first_building Stable |
| 9:08 | Lockhart · wall_segment Palisade Wall x1 |
| 9:20 | Taulipang · age_up feudal |
| 9:22 | Taulipang · first_building Stable |
| 9:33 | loshjarson · wall_segment Palisade Wall x4 |
| 10:25 | Fingon · wall_segment Palisade Wall x1 |
| 10:34 | Trooperone1 · age_up feudal |
| 10:44 | herlov.e · wall_segment Palisade Wall x1 |
| 10:47 | herlov.e · wall_segment Palisade Wall x1 |
| 10:57 | Lockhart · age_up feudal |
| 11:02 | loshjarson · age_up feudal |
| 11:08 | DarkHorse · age_up feudal |
| 11:10 | Lockhart · first_building Archery Range |
| 11:23 | herlov.e · wall_segment Palisade Wall x1 |
| 11:46 | DarkHorse · first_building Archery Range |
| 11:48 | herlov.e · age_up feudal |
| 12:06 | herlov.e · wall_segment Palisade Wall x1 |
| 12:07 | herlov.e · wall_segment Palisade Wall x1 |
| 12:14 | loshjarson · wall_segment Palisade Wall x5 |
| 12:15 | herlov.e · wall_segment Palisade Wall x1 |
| 12:21 | herlov.e · wall_segment Palisade Wall x1 |
| 13:00 | herlov.e · wall_segment Palisade Wall x1 |
| 13:01 | herlov.e · wall_segment Palisade Wall x1 |
| 13:02 | herlov.e · wall_segment Palisade Wall x1 |
| 14:33 | herlov.e · wall_segment Palisade Wall x1 |
| 14:36 | DarkHorse · first_market_sell 100 stone |
| 14:36 | DarkHorse · first_market_buy 100 food |
| 14:37 | herlov.e · wall_segment Palisade Wall x1 |
| 14:43 | herlov.e · wall_segment Palisade Wall x1 |
| 14:44 | herlov.e · wall_segment Palisade Wall x1 |
| 14:53 | herlov.e · wall_segment Palisade Wall x1 |
| 15:56 | loshjarson · age_up castle |
| 16:05 | herlov.e · wall_segment Stone Wall x1 |
| 16:07 | herlov.e · age_up castle |
| 16:20 | loshjarson · first_market_buy 100 stone |
| 16:27 | loshjarson · first_building Castle |
| 16:29 | Fingon · first_market_sell 100 food |
| 16:35 | herlov.e · first_market_sell 100 wood |
| 16:39 | herlov.e · first_market_buy 100 food |
| 16:46 | herlov.e · wall_segment Stone Wall x1 |
| 16:58 | herlov.e · wall_segment Stone Wall x1 |
| 17:01 | herlov.e · wall_segment Stone Wall x1 |
| 17:55 | DarkHorse · age_up castle |
| 19:08 | herlov.e · first_building Castle |
| 19:10 | Fingon · age_up castle |
| 19:12 | Fingon · first_building Siege Workshop |
| 20:32 | Trooperone1 · age_up castle |
| 20:43 | Lockhart · age_up castle |
| 21:06 | Fingon · first_market_buy 100 wood |
| 21:12 | Lockhart · first_building Monastery |
| 22:12 | Fingon · first_building Monastery |
| 22:45 | Lockhart · first_building Siege Workshop |
| 22:48 | Taulipang · age_up castle |
| 23:24 | herlov.e · wall_segment Palisade Wall x1 |
| 24:30 | DarkHorse · first_building Siege Workshop |
| 25:07 | Dubz1197 · wall_segment Stone Wall x11 |
| 25:54 | Lockhart · first_building Castle |
| 26:01 | DarkHorse · first_building Castle |
| 26:16 | Trooperone1 · first_building Siege Workshop |
| 26:25 | Dubz1197 · wall_segment Stone Wall x6 |
| 26:33 | Dubz1197 · wall_segment Stone Wall x1 |
| 26:34 | herlov.e · first_building Siege Workshop |
| 26:48 | DarkHorse · wall_segment Stone Wall x1 |
| 26:50 | DarkHorse · wall_segment Stone Wall x1 |
| 26:56 | DarkHorse · wall_segment Stone Wall x1 |
| 27:10 | DarkHorse · wall_segment Stone Wall x1 |
| 27:43 | Dubz1197 · first_building Castle |
| 29:21 | Fingon · wall_segment Stone Wall x14 |
| 29:24 | Fingon · wall_segment Stone Wall x5 |
| 29:35 | Dubz1197 · first_building Monastery |
| 30:27 | Taulipang · first_building Castle |
| 31:14 | Trooperone1 · first_building Castle |
| 31:38 | Dubz1197 · first_market_sell 500 wood |
| 31:49 | Trooperone1 · first_building Archery Range |
| 31:53 | herlov.e · wall_segment Palisade Wall x1 |
| 33:01 | Fingon · first_building Castle |
| 33:17 | Trooperone1 · first_market_sell 100 stone |
| 33:18 | Dubz1197 · first_market_buy 100 stone |
| 33:27 | Lockhart · age_up imperial |
| 33:28 | Trooperone1 · first_building Monastery |
| 33:34 | Lockhart · first_market_sell 500 wood |
| 34:10 | Fingon · age_up imperial |
| 34:20 | Lockhart · first_market_buy 100 stone |
| 34:22 | loshjarson · first_market_sell 100 food |
| 34:53 | loshjarson · first_building Barracks |
| 35:25 | herlov.e · first_building Monastery |
| 35:42 | DarkHorse · age_up imperial |
| 36:40 | Taulipang · age_up imperial |
| 36:58 | DarkHorse · wall_segment Palisade Wall x2 |
| 37:39 | loshjarson · age_up imperial |
| 38:07 | Trooperone1 · age_up imperial |
| 38:33 | herlov.e · wall_segment Stone Wall x9 |
| 38:37 | herlov.e · wall_segment Stone Wall x5 |
| 40:46 | Taulipang · first_building Archery Range |
| 42:18 | herlov.e · wall_segment Palisade Wall x1 |
| 42:50 | Lockhart · resign |
| 42:57 | Fingon · tribute_sent a jugador 1 |
| 42:57 | Fingon · tribute_sent a jugador 2 |
| 42:57 | Fingon · tribute_sent a jugador 3 |
| 42:57 | Fingon · tribute_sent a jugador 4 |
| 42:57 | Fingon · tribute_sent a jugador 5 |
| 42:57 | Fingon · tribute_sent a jugador 6 |
| 42:57 | Fingon · tribute_sent a jugador 7 |
[ AI ANALYSIS · 1 CREDIT ]
What really happened in this match?
Wolo.gg analyzes every decision: build order, eco, micro, common mistakes by bracket. Personalized analysis on WhatsApp or Discord in 30 seconds.
Civ guide
Hindustanis
Perfil
Jugador #7963940